 Dungeon Crawl Stone Soup version bcrawl-1.12-10-g10a67aac0f (webtiles) character file.

Game seed: 3706279569769999176

66 MisterOstroum the Sneak (level 4, 0/35 HPs)
             Began as a Formicid Archaeologist on June 16, 2019.
             Slain by a hungry ghost (1 damage)
             ... on level 10 of the Dungeon.
             The game lasted 00:04:28 (2878 turns).

MisterOstroum the Sneak (Formicid Archaeologist)    Turns: 2878, Time: 00:04:29

Health: 0/35       AC:  9    Str: 17    XL:     4   Next: 37%
Magic:  4/4        EV: 15    Int: 13    God:
Gold:   107        SH:  0    Dex:  9    Spells: 3/3 levels left

rFire    . . .     SeeInvis +   x - +0 club
rCold    . . .     Gourm    .   (no shield)
rNeg     . . .     Faith    .   g - +0 ring mail
rPois    .         Spirit   .   (helmet unavailable)
rElec    .         Reflect  .   (no cloak)
rCorr    .         Harm     .   c - +1 pair of gloves
MR       .....                  b - +1 pair of boots
Stlth    ++........             (no amulet)
HPRegen  0.11/turn              q - +4 ring of evasion
MPRegen  0.09/turn              (no ring)

@: starving, studying Slings
A: permanent stasis, dig shafts and tunnels, four strong arms, antennae 3
a: Dig, Shaft Self


You were on level 10 of the Dungeon.
You were starving.

You visited 1 branch of the dungeon, and saw 6 of its levels.

You collected 107 gold pieces.

Inventory:

Hand Weapons
 p - a +0 dagger
 s - a +0 short sword
 x - a +0 club (weapon)
Missiles
 h - 593 stones (quivered)
 w - 53 tomahawks
Armour
 a - a +1 robe
 b - a +1 pair of boots (worn)
 c - a +1 pair of gloves (worn)
 g - a +0 ring mail (worn)
Jewellery
 q - a +4 ring of evasion (left hand)
 y - a cursed -3 ring of strength {unknown}
Scrolls
 j - a scroll of teleportation {unknown}
 l - 3 scrolls of identify {unknown}
 n - a scroll of fear {unknown}
 o - a scroll of noise {unknown}
 r - a scroll of enchant weapon {unknown}
Potions
 i - a potion of haste {unknown}
 k - a potion of curing {unknown}
 m - a potion of agility {unknown}
 t - a potion of berserk rage {unknown}
 u - a potion of mutation {unknown}
 v - a potion of invisibility {unknown}
 A - a potion of flight {unknown}
Books
 d - a manual of Slings
Miscellaneous
 f - an ancient crate
Comestibles
 e - 5 rations {!d}


   Skills:
 + Level 3.5 Fighting
 + Level 1.1 Maces & Flails
 + Level 2.2 Slings
 - Level 2.6 Dodging
 - Level 4.0 Stealth


You had 3 spell levels left.
You didn't know any spells.
Your spell library was empty.

Dungeon Overview and Level Annotations

Branches:
Dungeon (10/12)
 Temple: D:4-7         Lair: D:7-10         Orc: D:8-11

Altars:

Shops:
D:9 }


Innate Abilities, Weirdness & Mutations

You cannot be hasted, slowed, berserked, paralysed or teleported.
You can dig through walls and to a lower floor.
Your four strong arms can wield two-handed weapons with a shield.
You have a pair of large antennae on your head. (SInv)


Message History

You sense a monster nearby.
There is a stone staircase leading up here.
Throwing (i - inventory. (/) - cycle)
h - 594 stones (quivered)
Press: ? - help, Shift-Dir - straight line, f - hungry ghost
Aim: a hungry ghost You throw a stone.
The stone misses the hungry ghost.
A phantom comes into view.
The hungry ghost hits you.
You feel a lot more hungry.
The phantom blinks!
The phantom moves out of view.
You closely miss the hungry ghost.
A hound comes into view.
The hungry ghost hits you.
You feel a lot more hungry.
The hound barks!
You hit the hungry ghost.
The hungry ghost is lightly damaged.
The hungry ghost misses you.
A skeletal warrior comes into view. It is wielding a +0 glaive.
You closely miss the hungry ghost.
The hungry ghost is lightly damaged.
The hungry ghost barely misses you. The hungry ghost hits you.
You are feeling hungry.
You hit the hungry ghost.
The hungry ghost is lightly damaged.
The hungry ghost hits you.
You are feeling very hungry.
You closely miss the hungry ghost.
The hungry ghost is lightly damaged.
The hound bites you.
A skeletal warrior comes into view. It is wielding a +0 mace.
The hound barely misses you. The hungry ghost hits you.
You are near starving!
You closely miss the hungry ghost.
The hungry ghost is lightly damaged.
The hound misses you. The hungry ghost hits you.
You feel somewhat more hungry. The hound closely misses you.
You are too injured to fight recklessly!
You are too injured to fight recklessly!
You are too injured to fight recklessly!
You are too injured to fight recklessly!
You are too injured to fight recklessly!
You are too injured to fight recklessly!
You are too injured to fight recklessly!
You are too injured to fight recklessly!
You are too injured to fight recklessly!
You are too injured to fight recklessly!
You are too injured to fight recklessly!
You are too injured to fight recklessly!
You are too injured to fight recklessly!
You are too injured to fight recklessly!
You are too injured to fight recklessly!
You are too injured to fight recklessly!
You are too injured to fight recklessly!
You are too injured to fight recklessly!
You are too injured to fight recklessly!
You are too injured to fight recklessly!
You are too injured to fight recklessly!
You are too injured to fight recklessly!
You are too injured to fight recklessly!
You are too injured to fight recklessly!
You are too injured to fight recklessly!
You are too injured to fight recklessly!
You are too injured to fight recklessly!
You are too injured to fight recklessly!
You are too injured to fight recklessly!
You are too injured to fight recklessly!
You are too injured to fight recklessly!
You are too injured to fight recklessly!
You are too injured to fight recklessly!
You are too injured to fight recklessly!
You are too injured to fight recklessly!
You are too injured to fight recklessly!
You are too injured to fight recklessly!
You are too injured to fight recklessly!
You are too injured to fight recklessly!
You are too injured to fight recklessly!
You are too injured to fight recklessly!
You are too injured to fight recklessly!
You are too injured to fight recklessly!
You are too injured to fight recklessly!
You are too injured to fight recklessly! 2 slime creatures come into view.
The hound barely misses you.
A skeletal warrior comes into view. It is wielding a +0 glaive.
The skeletal warrior completely misses you.
The hound barely misses you.
There are monsters nearby!
The slime creature quivers. x2
The hungry ghost misses you.
Two slime creatures merge to form a large slime creature.
The hound misses you. The skeletal warrior barely misses you.
The hound misses you. The hungry ghost hits you.
You are starving!
The phantom blinks!
The hound barely misses you. The hungry ghost misses you.
The skeletal warrior hits you with a +0 glaive.
The skeletal warrior hits you with a +0 mace!
* * * LOW HITPOINT WARNING * * *
The hound completely misses you. The hound bites you but does no damage.
The hungry ghost hits you.
You die...

##. ...
..# #.#
#.# #.#
#.# #
##W###.#
#@h<...#
#zz#####
#.W#
#...
#.###
#J# #.#
.z.


You could see 3 skeletal warriors, a large slime creature, a phantom, a hungry
ghost and a hound.

Vanquished Creatures
  An adder (D:2)
  An ooze (D:2)
  An adder skeleton (D:2)
  2 worms (D:2)
  4 bats
  6 giant cockroaches
  A goblin (D:1)
  5 hobgoblins
  4 jackals
  A quokka (D:1)
  3 frilled lizards
  8 kobolds
  3 rats
40 creatures vanquished.

Notes
Turn   | Place    | Note
-------+----------+-------------------------------------------
     0 | D:1      | MisterOstroum the Formicid Archaeologist began the quest
                  | for the Orb.
     0 | D:1      | Reached XP level 1. HP: 15/15 MP: 1/1
   155 | D:1      | Reached XP level 2. HP: 21/22 MP: 2/2
   891 | D:1      | Reached XP level 3. HP: 29/29 MP: 3/3
  1324 | D:2      | Reached skill level 1 in Slings
  2094 | D:2      | Reached XP level 4. HP: 35/35 MP: 4/4
  2417 | D:2      | Reached skill level 1 in Maces & Flails
  2677 | D:3      | You fall through a shaft for 3 floors!
  2681 | D:6      | You fall through a shaft for 3 floors!
  2681 | D:9      | Noticed an orc warrior
  2681 | D:9      | Noticed an ogre
  2681 | D:9      | Noticed a troll
  2685 | D:9      | Noticed a hungry ghost
  2685 | D:9      | Noticed a phantom
  2687 | D:9      | Found Nessofepp's Gadget Shop.
  2687 | D:9      | Noticed a hippogriff
  2691 | D:10     | Entered Level 10 of the Dungeon
  2861 | D:10     | Noticed a hungry ghost
  2867 | D:10     | Noticed a phantom
  2869 | D:10     | Noticed a skeletal warrior
  2872 | D:10     | Noticed a skeletal warrior
  2874 | D:10     | Noticed a slime creature
  2874 | D:10     | Noticed a slime creature
  2874 | D:10     | Noticed a skeletal warrior
  2877 | D:10     | HP: 1/35 [skeletal warrior/+0 mace[a skeletal warrior]
                  | (15)]
  2878 | D:10     | Slain by a hungry ghost

Skill      XL: |  1  2  3  4 |
---------------+-------------+-----
Fighting       | 2 3 |  3.5
Slings         | 1 2 |  2.2
Maces & Flails | 1 |  1.1
Dodging        | |  2.6
Stealth        | |  4.0

Action                   |  1- 3 |  4- 6 || total
-------------------------+-------+-------++-------
Melee: Unarmed           |   139 |       ||   139
       Dagger            |    41 |       ||    41
       Short sword       |    82 |    53 ||   135
       Club              |       |    25 ||    25
Throw: Stone             |       |     1 ||     1
 Abil: Dig               |     1 |     1 ||     2
       Shaft Self        |       |     2 ||     2
 Stab: Sleeping          |     6 |     2 ||     8
  Eat: Chunk             |     4 |     3 ||     7
       Ration            |       |     1 ||     1
Armor: Robe              |    44 |       ||    44
       Ring mail         |    43 |    38 ||    81
Dodge: Dodged            |   170 |   113 ||   283
